 Dungeon Crawl Stone Soup version 0.19.1-1-g22dce08 (webtiles) character file.

158 Jynx the Conjurer (level 5, 0/28 HPs)
             Began as a Deep Elf Conjurer on Jan 13, 2017.
             Succumbed to baruk's ghost's poison
             ... on level 3 of the Dungeon.
             The game lasted 00:03:14 (2260 turns).

Jynx the Conjurer (Deep Elf Conjurer)               Turns: 2260, Time: 00:03:14

Health: 0/28       AC:  3    Str:  5    XL:     5   Next: 16%
Magic:  7/14       EV: 18    Int: 21    God:
Gold:   58         SH:  0    Dex: 20    Spells: 1 memorised, 13 levels left

rFire  . . .     SeeInvis .     n - +3 spear (pierce)
rCold  + . .     Gourm    .     a - +0 robe
rNeg   . . .     Faith    .     (no shield)
rPois  .         Spirit   .     (no helmet)
rElec  .         Reflect  .     (no cloak)
rCorr  .         Harm     .     (no gloves)
MR     .....                    (no boots)
Stlth  +++.......               (no amulet)
                                (no ring)
                                (no ring)

@: agile, lethally poisoned (0 -> -8)
A: slimy green scales 1, cold resistance 1, deformed body
a: no special abilities


You were on level 3 of the Dungeon.
You were hungry.

You visited 1 branch of the dungeon, and saw 3 of its levels.

You collected 58 gold pieces.

Inventory:

Hand Weapons
 n - a +3 spear of piercing (weapon)
Armour
 a - a +0 robe (worn)
Scrolls
 f - a scroll of enchant weapon
 j - a scroll of immolation {unknown}
 k - a scroll of teleportation {unknown}
 l - a scroll of noise {unknown}
 m - 3 scrolls of identify {unknown}
Books
 b - a book of Conjurations

   Spells                             Type                      Level
   a - Magic Dart                     Conjuration                  1
   b - Searing Ray                    Conjuration                  2
   c - Dazzling Spray                 Conjuration/Hexes            3
   d - Fulminant Prism                Conjuration/Hexes            4
   e - Iskenderun's Mystic Blast      Conjuration                  4
   f - Iskenderun's Battlesphere      Conjuration/Charms           5
Comestibles
 c - 3 bread rations
 h - 2 beef jerkies
 o - a meat ration
 p - a fruit


   Skills:
 - Level 2.4 Dodging
 - Level 2.4 Stealth
 + Level 5.0 Spellcasting
 * Level 6.2 Conjurations


You had 13 spell levels left.
You knew the following spells:

 Your Spells              Type           Power        Failure   Level  Hunger
a - Magic Dart            Conj           ####         1%          1    None


Dungeon Overview and Level Annotations

Branches:
Dungeon (3/15)

Altars:
Okawaru

Annotations:
D:3 baruk's ghost, amateur DrTm


Innate Abilities, Weirdness & Mutations

You are partially covered in slimy green scales. (AC +2)
Your flesh is cold resistant. (rC+)
Armour fits poorly on your strangely shaped body.


Message History

Baruk's ghost hits you.
* * * LOW HITPOINT WARNING * * *
You hit baruk's ghost.
Baruk's ghost is heavily damaged.
* * * LOW HITPOINT WARNING * * *
You feel sick. Baruk's ghost hits you.
* * * LOW HITPOINT WARNING * * *
You are more poisoned.
It was a potion of agility.
You feel agile all of a sudden. Baruk's ghost completely misses you.
It was a potion of mutation.
You feel extremely strange.
Your body twists and deforms.
You feel resistant to cold.
Slimy green scales grow over part of your body.
* * * LOW HITPOINT WARNING * * *
You feel sick. Baruk's ghost misses you.
Okay, then.
You hit baruk's ghost.
Baruk's ghost is severely damaged.
You die...

.# #.# ### ..#
#######.## ..#
<........##.###
................
.......<..#.#...
...$.).@W.....#
..$.....†...#...
............#
....!.......#
......>.......
............###
##.#.........
#.#..........
#........#..


You could see baruk's ghost.

Vanquished Creatures
  Terence (D:2)
  Natasha (twice) (D:2)
  3 adders (D:2)
  A worm (D:2)
  5 dart slugs
  A leopard gecko (D:1)
  An orc (D:3)
  4 bats
  A giant cockroach (D:3)
  9 goblins
  5 hobgoblins
  2 jackals (D:2)
  4 kobolds
  A quokka (D:2)
  4 frilled lizards
  4 rats
48 creatures vanquished.

Notes
Turn   | Place    | Note
-------+----------+-------------------------------------------
     0 | D:1      | Jynx the Deep Elf Conjurer began the quest for the Orb.
     0 | D:1      | Reached XP level 1. HP: 10/10 MP: 6/6
   406 | D:1      | Reached XP level 2. HP: 15/15 MP: 4/8
   880 | D:1      | Reached skill level 5 in Conjurations
  1085 | D:2      | Reached XP level 3. HP: 19/19 MP: 8/10
  1108 | D:2      | Noticed Terence
  1120 | D:2      | Killed Terence
  1220 | D:2      | Reached XP level 4. HP: 24/24 MP: 7/12
  1318 | D:2      | Noticed Natasha
  1322 | D:2      | Killed Natasha
  1687 | D:2      | Noticed Natasha
  1695 | D:2      | Killed Natasha
  1695 | D:2      | Reached skill level 6 in Conjurations
  1696 | D:2      | Reached XP level 5. HP: 15/28 MP: 7/14
  1901 | D:2      | Found an iron altar of Okawaru.
  2137 | D:3      | Reached skill level 5 in Spellcasting
  2239 | D:3      | Noticed baruk's ghost (amateur DrTm)
  2257 | D:3      | HP: 1/28 [baruk's ghost (1)]
  2259 | D:3      | Gained mutation: Armour fits poorly on your strangely shaped body. [potion of mutation]
  2259 | D:3      | Gained mutation: Your flesh is cold resistant. (rC+) [potion of mutation]
  2259 | D:3      | Gained mutation: You are partially covered in slimy green scales. (AC +2) [potion of mutation]
  2260 | D:3      | Succumbed to baruk's ghost's poison

Skill      XL: |  1  2  3  4  5 |
---------------+----------------+-----
Conjurations   | 5 6 |  6.2
Spellcasting   | 4 5 |  5.0
Dodging        | |  2.4
Stealth        | |  2.4

Action                   |  1- 3 |  4- 6 || total
-------------------------+-------+-------++-------
Melee: Spear             |     6 |     5 ||    11
 Cast: Magic Dart        |    47 |    66 ||   113
  Use: Scroll            |       |     2 ||     2
       Potion            |       |     5 ||     5
  Eat: Chunk             |     1 |     2 ||     3
Armor: Robe              |       |     7 ||     7
Dodge: Dodged            |     7 |    16 ||    23
